 Dungeon Crawl Stone Soup version 0.27.1 (webtiles) character file.

Game seed: 9992780205346793163

210 MajorAdolf the Chiller (level 5, 0/42 HPs)
             Began as a Naga Wanderer on Aug 21, 2021.
             Was an Initiate of Gozag.
             Slain by a sky beast (1 damage)
             ... on level 4 of the Dungeon.
             The game lasted 00:06:35 (4014 turns).

MajorAdolf the Chiller (Naga Wanderer)              Turns: 4014, Time: 00:06:36

Health: 0/42       AC:  3    Str: 15    XL:     5   Next: 88%
Magic:  6/10       EV:  9    Int: 12    God:    Gozag
Gold:   46         SH:  0    Dex: 11    Spells: 6/10 levels left

rFire    . . .     SeeInvis +   f - +2 short sword (drain)
rCold    . . .     Faith    .   (no shield)
rNeg     . . .     Spirit   .   b - +0 robe
rPois    +         Reflect  .   (no helmet)
rElec    .         Harm     .   (no cloak)
rCorr    .         Rampage  .   h - +0 pair of gloves
Will     .....                  (no barding)
Stlth    ++........             (no amulet)
HPRegen  0.14/turn              (no ring)
MPRegen  0.12/turn              (no ring)

@: very slow
A: AC +1, large, see invisible, deformed body, poison resistance, slowness 2,
spit poison 1, naga tail 1
a: Spit Poison, Renounce Religion, Potion Petition, Call Merchant, Bribe Branch


You were on level 4 of the Dungeon.
You worshipped Gozag.
Gozag was noncommittal.
You visited 1 branch of the dungeon, and saw 4 of its levels.

You collected 70 gold pieces.
You paid 24 gold pieces to Gozag.

Inventory:

Hand Weapons
 a - a +0 club
 d - a +0 dagger
 e - a +3 whip of venom
 f - a +2 short sword of draining (weapon)
Armour
 b - a +0 robe (worn)
 h - a +0 pair of gloves (worn)
Magical Staves
 s - a staff of conjuration
Jewellery
 n - an amulet of guardian spirit
Wands
 m - a wand of flame (28)
Scrolls
 c - 4 scrolls of teleportation
 i - 3 scrolls of identify {unknown}
 j - a scroll of fear {unknown}
 k - a scroll of noise {unknown}
 p - a scroll of amnesia {unknown}
 q - a scroll of acquirement {unknown}
Potions
 g - 2 potions of brilliance {unknown}
 l - a potion of magic {unknown}
 o - a potion of degeneration {unknown}
 r - a potion of ambrosia {unknown}


   Skills:
 - Level 3.0 Stealth
 + Level 3.4 Spellcasting
 + Level 3.1 Conjurations
 - Level 1.0 Necromancy
 - Level 4.0 Ice Magic
 + Level 2.0 Air Magic
 + Level 2.8 Poison Magic


You had 6 spell levels left.
You knew the following spells:

 Your Spells              Type           Power      Damage    Failure   Level
a - Magic Dart            Conj           36%        1d4       6%          1
b - Mephitic Cloud        Conj/Pois/Air  8%         N/A       24%         3

Your spell library contained the following spells:

 Spells                   Type           Power      Damage    Failure   Level
 Ozocubu's Armour         Ice            11%        N/A       14%         3
 Blink                    Tloc           N/A        N/A       34%         2
 Call Imp                 Summ           2%         N/A       34%         2
 Slow                     Hex            2%         N/A       34%         2
 Conjure Flame            Conj/Fire      5%         6-21      36%         3
 Ozocubu's Refrigeration  Ice            5%         4d6       100%        7


Dungeon Overview and Level Annotations

Branches:
Dungeon (4/15)
 Temple: D:4-7

Altars:
Cheibriados
Dithmenos
Elyvilon
Gozag
Makhleb
Vehumet


Innate Abilities, Weirdness & Mutations

Your serpentine skin is tough. (AC +1)
You have supernaturally acute eyesight. (SInv)
Armour fits poorly on your strangely shaped body.
Your system is resistant to poisons. (rPois)
You cover ground very slowly.
You can spit poison.
You have a snake-like lower body.


Message History

Aiming: Mephitic Cloud (quite dangerous; 24% risk of failure)
Press: ? - help, Shift-Dir - straight line, p - black bear You feel a surge of power!
The ball explodes into a vile cloud!
The stinking cloud engulfs the black bear but does no damage.
The black bear is lightly wounded.
Okay, then.
The black bear is engulfed in noxious fumes. x2
The black bear appears confused.
You sense an unholy aura.
f - a +2 short sword of draining (weapon)
A sky beast comes into view.
A goblin comes into view. It is wielding a +0 dagger.
The goblin shouts!
You hit the black bear.
The black bear is moderately wounded.
The black bear bites you! The black bear closely misses you. x2
You puncture the black bear! You drain the black bear.
The black bear is severely wounded.
The black bear bites you. The black bear claws you.
The black bear claws you but does no damage.
You hit the black bear but do no damage.
You drain the black bear.
The black bear is severely wounded.
The black bear seems less confused.
The black bear goes berserk!
You hit the black bear.
The black bear is almost dead.
The black bear barely misses you. The black bear claws you. x2
The black bear bites you. The black bear claws you. x2
* * * LOW HITPOINT WARNING * * *
Unknown command.
You hit the black bear.
The black bear is almost dead.
The black bear bites you.
* * * LOW HITPOINT WARNING * * *
The black bear claws you but does no damage.
The black bear claws you.
* * * LOW HITPOINT WARNING * * *
The sky beast hits you.
You die...
Your body crumbles into a pile of gold.

#..........#####.#.....##.....##
#..........##....###...####.###
#...........#.#### #..........
#.......##....# #..###.#....
.............#### #..# #....
..........#.....####..###.#
...........#.##............
............<..........#..
................@........#
...............hY.......##
..................g.....#
.........#............#.#
.........#..............#
.........#...............
#...............#
#.......#........


You could see a black bear (berserk, drained), a sky beast and a goblin.

Vanquished Creatures
  A necrophage (D:4)
  An orc wizard (D:3)
  2 adders
  An ufetubus (D:3)
  3 dart slugs
  9 orcs (D:3)
  An endoplasm (D:3)
  6 giant cockroaches
  9 goblins
  5 hobgoblins
  A jackal (D:1)
  8 kobolds
  4 quokkas
  3 ball pythons
  3 bats
  3 frilled lizards
  5 rats
65 creatures vanquished.

Vanquished Creatures (others)
  2 withered plants (D:2)
2 creatures vanquished.

Grand Total: 67 creatures vanquished

Notes
Turn   | Place    | Note
-------+----------+-------------------------------------------
     0 | D:1      | MajorAdolf the Naga Wanderer began the quest for the Orb.
     0 | D:1      | MajorAdolf set off with the following items: a +0 club, a
                  | +0 robe, a scroll of teleportation, a +0 dagger; and the
                  | following spell memorised: Magic Dart; and the following
                  | spells available to memorise: Blink, Call Imp, Slow,
                  | Conjure Flame, Mephitic Cloud
     0 | D:1      | Reached XP level 1. HP: 15/15 MP: 3/3
   209 | D:1      | Reached XP level 2. HP: 22/22 MP: 1/5
  1574 | D:2      | Reached XP level 3. HP: 24/28 MP: 0/6
  1629 | D:2      | Learned a level 3 spell: Mephitic Cloud
  1958 | D:2      | Reached skill level 1 in Poison Magic
  2094 | D:2      | Found a faded altar of an unknown god.
  2441 | D:3      | Reached XP level 4. HP: 29/36 MP: 8/8
  2613 | D:3      | Found a shadowy altar of Dithmenos.
  2630 | D:3      | Found a snail-covered altar of Cheibriados.
  2668 | D:3      | Reached skill level 1 in Air Magic
  3033 | D:3      | Found a burning altar of Makhleb.
  3259 | D:3      | Found a white marble altar of Elyvilon.
  3377 | D:3      | Reached XP level 5. HP: 42/42 MP: 9/9
  3662 | D:3      | Found a radiant altar of Vehumet.
  3889 | D:4      | Noticed a necrophage
  3897 | D:4      | Killed a necrophage
  3956 | D:4      | Found an opulent altar of Gozag.
  3975 | D:4      | Became a worshipper of Gozag Ym Sagoz the Greedy
  4001 | D:4      | Noticed a black bear
  4008 | D:4      | Noticed a sky beast
  4014 | D:4      | HP: 1/42 [black bear (5)]
  4014 | D:4      | Slain by a sky beast

Illustrated notes

Levels and vault maps discovered:
D:1:      dpeg_arrival_pits, layout_basic, minmay_misc_feat_roman
D:2:      layout_loops_ring, ebering_ecumenical_altar_petrified, st_stairs_11
D:3:      layout_rooms, mainiacjoe_overflow_small_starburst,
          nicolae_overflow_quartered_altars, minivault_24
D:4:      layout_rooms, old_standard_altar, st_stairs_13, uniq_duvessa

Skill      XL: |  1  2  3  4  5 |
---------------+----------------+-----
Conjurations   | 2 3 |  3.1
Poison Magic   | 1 2 |  2.8
Air Magic      | 1 2 |  2.0
Spellcasting   | 3 |  3.4
Stealth        | |  3.0
Necromancy     | |  1.0
Ice Magic      | |  4.0

Action                   |  1- 3 |  4- 6 || total
-------------------------+-------+-------++-------
Melee: Whip              |    30 |    39 ||    69
       Short sword       |       |     5 ||     5
 Cast: Magic Dart        |    41 |    40 ||    81
       Mephitic Cloud    |       |     1 ||     1
 Abil: Spit Poison       |    10 |     8 ||    18
Evoke: Wand              |       |     6 ||     6
 Stab: Sleeping          |     2 |     2 ||     4
Armor: Robe              |    16 |    18 ||    34
Dodge: Dodged            |    19 |    31 ||    50
